 Dungeon Crawl Stone Soup version 0.30-a0-715-gdb4ae3ece1 (webtiles) character file.

Game seed: 6354382694752617732

4453 Errthou the Severer (level 10, -4/86 HPs)
             Began as a Hill Orc Fighter on Jan 24, 2023.
             Was a Believer of Beogh.
             Slain by an acid dragon (10 damage)
             ... on level 8 of the Dungeon.
             The game lasted 00:22:49 (9195 turns).

Errthou the Severer (Hill Orc Fighter)              Turns: 9195, Time: 00:22:50

Health: -4/86      AC: 10    Str: 24    XL:     10   Next: 37%
Magic:  13/13      EV:  9    Int:  8    God:    Beogh [**....]
Gold:   241        SH:  5    Dex: 10    Spells: 9/9 levels left

rFire   . . .      SeeInvis .    a - +1 war axe
rCold   . . .      Faith    .    c - +0 buckler
rNeg    . . .      Spirit   .    b - +0 scale mail
rPois   .          Reflect  .    t - +1 hat
rElec   .          Harm     .    F - +0 cloak
rCorr   .          Rampage  .    (no gloves)
Will    .....                    i - +0 pair of boots Stlth
                                 r - amulet of magic regeneration
HPRegen 0.34/turn                (no ring)
MPRegen 0.53/turn                (no ring)

@: no status effects
A: no striking features
a: Renounce Religion, Smiting


You were on level 8 of the Dungeon.
You worshipped Beogh.
Beogh was pleased with you.
You visited 1 branch of the dungeon, and saw 8 of its levels.

You collected 353 gold pieces.
You spent 112 gold pieces at shops.

Inventory:

Hand Weapons
 a - a +1 war axe (weapon)
Missiles
 m - 26 poisoned darts (quivered)
Armour
 b - a +0 scale mail (worn)
 c - a +0 buckler (worn)
 i - a +0 pair of boots (worn)
 t - a +1 hat (worn)
 F - a +0 cloak (worn)
Jewellery
 r - an amulet of magic regeneration (around neck)
Wands
 x - a wand of roots (1)
 y - a wand of digging (5)
 C - a wand of flame (18)
Scrolls
 e - 4 scrolls of enchant weapon
 g - 2 scrolls of poison {unknown}
 h - 7 scrolls of teleportation
 l - 4 scrolls of fear {unknown}
 n - a scroll of blinking {unknown}
 o - 6 scrolls of noise {unknown}
 q - a scroll of acquirement {unknown}
 s - 4 scrolls of vulnerability {unknown}
 u - 2 scrolls of enchant armour {unknown}
 A - 5 scrolls of amnesia
Potions
 d - 2 potions of might
 f - a potion of berserk rage {unknown}
 j - 2 potions of attraction
 k - a potion of haste {unknown}
 p - 3 potions of mutation
 v - 2 potions of curing
 w - a potion of degeneration {unknown}
 z - 2 potions of magic
 B - a potion of flight {unknown}
 D - 3 potions of lignification
 E - a potion of invisibility


   Skills:
 * Level 7.2 Fighting
 - Level 16.0 Axes
 - Level 3.0 Throwing
 - Level 3.5 Armour
 + Level 5.2 Shields
 - Level 4.0 Invocations


You had 9 spell levels left.
You didn't know any spells.
Your spell library contained the following spells:

 Spells                   Type           Power      Damage    Failure   Level
 Beastly Appendage        Tmut           0%         N/A       80%         1
 Magic Dart               Conj           0%         1d3       80%         1
 Searing Ray              Conj           0%         2d4       90%         2
 Static Discharge         Conj/Air       0%         2-2/arc   90%         2
 Wereblood                Tmut           0%         N/A       90%         2
 Spider Form              Tmut/Pois      0%         N/A       99%         3
 Tukima's Dance           Hex            0%         N/A       99%         3
 Vhi's Electric Charge    Tloc/Air       0%         N/A       99%         3
 Fulminant Prism          Conj/Hex       0%         3d5       100%        4
 Passage of Golubria      Tloc           0%         N/A       100%        4
 Arcjolt                  Conj/Air       0%         1d10      100%        5
 Lightning Bolt           Conj/Air       0%         1d11      100%        5
 Yara's Violent Unravell  Hex/Tmut       0%         3d3       100%        5


Dungeon Overview and Level Annotations

Branches:
Dungeon (8/15)             Temple (0/1) D:6
   Lair: D:8-11

Altars:
Ashenzari
Okawaru
Ru
Uskayaw
Xom

Shops:
D:2 *   D:7 :?

Annotations:
D:7 2 transporters, Decipherer's ghost, novice MiBe


Message History

* * * LOW HITPOINT WARNING * * *
You feel sick.
You feel sick.
You are no longer poisoned.
You feel better.
The kobold brigand hits you with a +0 short sword.
* * * LOW HITPOINT WARNING * * *
The centaur shoots an arrow.
You block the arrow.
The centaur unwields a +0 shortbow.
The centaur hits you.
* * * LOW HITPOINT WARNING * * *
The centaur barely misses you.
The kobold brigand hits you with a +0 short sword.
* * * LOW HITPOINT WARNING * * *
You hit the centaur but do no damage. You hit the kobold brigand.
The centaur hits you but does no damage.
You block the centaur's attack.
The kobold brigand hits you with a +0 short sword.
* * * LOW HITPOINT WARNING * * *
You completely miss the centaur. You barely miss the kobold brigand.
The centaur closely misses you. The centaur barely misses you.
The kobold brigand barely misses you.
You slash the centaur!
The centaur is severely wounded.
You hit the kobold brigand. The centaur completely misses you.
The centaur kicks you but does no damage.
The centaur hits you.
* * * LOW HITPOINT WARNING * * *
The centaur barely misses you.
You slice the centaur!!
You kill the centaur!
Beogh accepts your kill.
You hit the kobold brigand. The kobold brigand barely misses you.
The acid dragon bites you.
* * * LOW HITPOINT WARNING * * *
The acid dragon claws you but does no damage.
The kobold brigand hits you but does no damage.
You see here a +0 shortbow.
As you read the scroll of fog, it crumbles to dust.
The scroll dissolves into smoke.
The acid dragon bites you!
You die...

#...#)...##
###..........
#....†#)...#
######....#
#.......#...##
#.....#.#
#.........#..$#
#.....#..
#.........#...#
##.....##.
#.(.......#..$#
#......'..
#.........#.§.#
#......#..
#.........#§§§#
#......#..
.......#K@§##
.......#.#
.....#.§D§#
.......#.#
#..§.##
.......#.#
#....##
##.....#.#
######
#.....#.. ###


You could see an acid dragon and a kobold brigand.

Vanquished Creatures
  A two-headed ogre (D:8)
  Grinder (D:4)
  2 wraiths
  2 water moccasins
  2 orc warriors
  2 black bears
  2 ice beasts
  A centaur (D:8)
  A phantom (D:7)
  A kobold brigand (D:6)
  6 bullfrogs
  2 necrophages
  5 scorpions
  3 wights (D:8)
  6 killer bees
  4 howler monkeys
  Crazy Yiuf (D:5)
  3 orc priests (D:7)
  4 hounds
  4 jellies
  4 iguanas
  Ijyb (D:4)
  Natasha (thrice) (D:4)
  4 orc wizards
  18 gnolls
  8 adders
  A white imp (D:7)
  3 ufetubi
  A worm (D:2)
  A dart slug (D:2)
  25 orcs
  10 ball pythons
  10 endoplasms
  2 giant cockroaches
  6 goblins
  7 hobgoblins
  16 jackals
  A quokka (D:3)
  5 bats
  2 frilled lizards
  8 kobolds
  6 rats
  2 bushes (D:1)
197 creatures vanquished.

Vanquished Creatures (others)
  An orc priest (D:5)
  An orc (D:5)
  2 fungi
  3 plants (D:6)
7 creatures vanquished.

Grand Total: 204 creatures vanquished

Notes
Turn   | Place    | Note
-------+----------+-------------------------------------------
     0 | D:1      | Errthou the Hill Orc Fighter began the quest for the Orb.
     0 | D:1      | Reached XP level 1. HP: 19/19 MP: 1/1
   235 | D:1      | Reached skill level 3 in Axes
   235 | D:1      | Reached XP level 2. HP: 27/27 MP: 2/2
   307 | D:1      | Found a faded altar of an unknown god.
   462 | D:1      | Reached XP level 3. HP: 33/33 MP: 3/3
  1088 | D:2      | Found Vurih's Assorted Antiques.
  1141 | D:2      | Reached skill level 4 in Axes
  1143 | D:2      | Reached skill level 1 in Throwing
  1143 | D:2      | Reached XP level 4. HP: 31/40 MP: 4/4
  1144 | D:2      | Found an iron altar of Okawaru.
  1675 | D:2      | Reached skill level 5 in Axes
  1942 | D:3      | Reached XP level 5. HP: 32/46 MP: 5/5
  2186 | D:3      | Identified the +0 chain mail "Zeukaysk" {Harm rPois rF+
                  | Stlth+}
  2281 | D:3      | Reached skill level 6 in Axes
  2850 | D:3      | Reached XP level 6. HP: 29/52 MP: 6/6
  3249 | D:4      | Noticed Grinder
  3253 | D:4      | Paralysed by Grinder for 4 turns
  3262 | D:4      | Paralysed by Grinder for 3 turns
  3277 | D:4      | Paralysed by Grinder for 3 turns
  3284 | D:4      | Paralysed by Grinder for 2 turns
  3287 | D:4      | Killed Grinder
  3288 | D:4      | Reached skill level 8 in Axes
  3288 | D:4      | Reached XP level 7. HP: 22/58 MP: 7/7
  3561 | D:4      | Noticed Natasha
  3578 | D:4      | Killed Natasha
  3631 | D:4      | Noticed Natasha
  3698 | D:4      | Killed Natasha
  3727 | D:4      | Noticed Natasha
  3742 | D:4      | Killed Natasha
  3892 | D:4      | Noticed Ijyb
  3915 | D:4      | Killed Ijyb
  4121 | D:4      | Reached skill level 9 in Axes
  4435 | D:5      | Entered Level 5 of the Dungeon
  4535 | D:5      | Reached skill level 10 in Axes
  4615 | D:5      | Reached XP level 8. HP: 61/66 MP: 8/8
  4745 | D:5      | Reached skill level 11 in Axes
  4798 | D:5      | Became a worshipper of Beogh the Brigand
  4890 | D:5      | Found a shimmering altar of Xom.
  4891 | D:5      | Found a shimmering altar of Xom.
  4892 | D:5      | Found a shimmering altar of Xom.
  4892 | D:5      | Found a shimmering altar of Xom.
  4892 | D:5      | Found a shimmering altar of Xom.
  4910 | D:5      | Found a shimmering altar of Xom.
  4918 | D:5      | Found a shimmering altar of Xom.
  5192 | D:5      | Found a runed translucent door.
  5193 | D:5      | Noticed Crazy Yiuf
  5454 | D:5      | Killed Crazy Yiuf
  5552 | D:5      | Reached skill level 12 in Axes
  5562 | D:6      | Found a hide-covered altar of Uskayaw.
  5822 | D:6      | Found a sacrificial altar of Ru.
  6443 | D:6      | Reached skill level 13 in Axes
  6476 | D:6      | Reached XP level 9. HP: 71/71 MP: 9/9
  6560 | D:6      | Found a staircase to the Ecumenical Temple.
  6571 | D:6      | Reached * piety under Beogh
  6575 | D:6      | Reached skill level 14 in Axes
  6724 | D:6      | Found a broken altar of Ashenzari.
  6900 | D:7      | Reached skill level 1 in Invocations
  6957 | D:7      | Noticed Decipherer's ghost (novice MiBe)
  6959 | D:7      | Noticed a hornet
  6988 | D:7      | Found a transporter.
  6993 | D:7      | Found a transporter.
  7668 | D:7      | Found The Oracle's Delphic Readings.
  7679 | D:7      | Bought a scroll of fog for 56 gold pieces
  7679 | D:7      | Bought a scroll of amnesia for 56 gold pieces
  7793 | D:7      | Reached skill level 15 in Axes
  8008 | D:7      | Found Kiylygea's Book Boutique.
  8638 | D:7      | Reached ** piety under Beogh
  8639 | D:7      | Reached skill level 16 in Axes
  8742 | D:8      | Reached XP level 10. HP: 74/80 MP: 13/13
  8844 | D:8      | Reached skill level 5 in Fighting
  8891 | D:8      | Identified the +1 ring mail of the Ant {Rampage rCorr Int+2
                  | Dex-3}
  8931 | D:8      | Noticed a two-headed ogre
  8957 | D:8      | Killed a two-headed ogre
  9048 | D:8      | Reached skill level 5 in Shields
  9195 | D:8      | Slain by an acid dragon

Illustrated notes

Levels and vault maps discovered:
D:1:      minmay_arrival_stair_chambers, layout_basic,
          hellmonk_ecumenical_altar_blasted, hangedman_glass_teeth,
          solitary_fountain, hex_large, minmay_hedge_maze,
          kennysheep_minor_cross, minmay_pentomino_u4
D:2:      layout_loops_ring, serial_shops, shop, basic_altar
D:3:      layout_rooms
D:4:      layout_gridville, uniq_ijyb, uniq_natasha, uniq_grinder
D:5:      layout_loops_ring, xom_redecorated, uniq_crazy_yiuf_cottage
D:6:      layout_basic, mainiacjoe_overflow_tiny_flanked,
          nicolae_ru_the_path_less_chosen, minmay_temple_entry_glassed_door,
          minmay_ruined_shrine
D:7:      layout_gridville, gammafunk_ghost_hive, serial_shops,
          nicolae_square_shop, nicolae_nh_oracle_at_delphi
D:8:      kennysheep_ambush_hall, layout_basic, ebering_ghost_gozag

Skill      XL: |  1  2  3  4  5  6  7  8  9 10 |
---------------+-------------------------------+-----
Axes           | 3 4 5 6 8 10 13 16 | 16.0
Throwing       | 1 2 3 |  3.0
Invocations    | 4 |  4.0
Fighting       | 4 7 |  7.2
Shields        | 5 |  5.2
Armour         | |  3.5

Action                     |  1- 3 |  4- 6 |  7- 9 | 10-12 || total
---------------------------+-------+-------+-------+-------++-------
  Melee: War axe           |   151 |   121 |   409 |    53 ||   734
  Throw: Dart              |       |     9 |       |     6 ||    15
 Invoke: Convert to Beogh  |       |       |     1 |       ||     1
  Evoke: Wand              |       |       |     1 |     2 ||     3
    Use: Scroll            |       |       |     7 |     1 ||     8
         Potion            |       |       |     2 |     2 ||     4
 Armour: Scale mail        |    49 |    40 |   141 |    23 ||   253
  Dodge: Dodged            |    51 |    55 |   172 |    28 ||   306
  Block: Buckler           |    21 |    22 |    76 |     9 ||   128

Table legend: (Time is in decaauts)
 A = Elapsed time spent in this place.
 B = Non-inter-level travel time spent in this place.
 C = Inter-level travel time spent in this place.
 D = Time resting spent in this place.
 E = Time spent auto-exploring this place.
 F = Levels seen in this place.
 G = Mean time per level.
                   A        B        C        D        E       F      G
               +--------+--------+--------+--------+--------+-----+--------+
         Total |   9262 |   8841 |    421 |   2861 |   4160 |   8 | 1157.8 |
       Dungeon |   9262 |   8841 |    421 |   2861 |   4160 |   8 | 1157.8 |
               +--------+--------+--------+--------+--------+-----+--------+

Top non-repeatable levels by time:
     D:4: 1454 daAuts
     D:6: 1396 daAuts
     D:5: 1388 daAuts
     D:7: 1382 daAuts
     D:3: 1238 daAuts
     D:2: 1035 daAuts
     D:1: 912 daAuts
     D:8: 454 daAuts
